 Dungeon Crawl Stone Soup version 0.19.0-11-g3fc08b3 (console) character file.

216 Kloppie the Slasher (level 5, -2/42 HPs)
             Began as a Demonspawn Berserker on Nov 8, 2016.
             Was a Believer of Trog.
             Slain by an ogre
             ... wielding a +0 giant club
              (11 damage)
             ... on level 4 of the Dungeon.
             The game lasted 00:04:16 (2409 turns).

Kloppie the Slasher (Demonspawn Berserker)          Turns: 2409, Time: 00:04:17

Health: -2/42      AC: 13    Str: 17    XL:     5   Next: 61%
Magic:  0/5        EV:  5    Int:  9    God:    Trog [**....]
Gold:   132        SH:  0    Dex: 13    Spells: 0 memorised, 4 levels left

rFire  . . .     SeeInvis .     a - +0 falchion
rCold  . . .     Gourm    .     s - +0 plate armour
rNeg   . . .     Faith    .     (no shield)
rPois  .         Spirit   +     (no helmet)
rElec  .         Reflect  .     (no cloak)
rCorr  .         Harm     .     (no gloves)
MR     .....                    (no boots)
Stlth  ..........               (no amulet)
                                (no ring)
                                (no ring)

@: exhausted, slowed, very slow
A: yellow scales 1, nightstalker 1, magic shield
a: Berserk, Trog's Hand, Burn Spellbooks, Renounce Religion


You were on level 4 of the Dungeon.
You worshipped Trog.
Trog was pleased with you.
You were very hungry.

You visited 1 branch of the dungeon, and saw 4 of its levels.

You collected 132 gold pieces.

Inventory:

Hand Weapons
 a - a +0 falchion (weapon)
Armour
 s - a +0 plate armour (worn)
Jewellery
 r - an uncursed ring of fire {unknown}
Scrolls
 b - 2 scrolls of immolation {unknown}
 d - a scroll of recharging {unknown}
 e - a scroll of noise {unknown}
 g - 2 scrolls of amnesia {unknown}
 j - 2 scrolls of enchant weapon {unknown}
 m - 7 scrolls of identify {unknown}
 n - a scroll of teleportation {unknown}
 p - 3 scrolls of remove curse {unknown}
 u - a scroll of random uselessness {unknown}
Potions
 k - a potion of curing {unknown}
 l - 2 potions of flight {unknown}
 o - 3 potions of degeneration {unknown}
 q - 2 potions of lignification {unknown}
Books
 i - a book of Transfigurations

   Spells                             Type                      Level
   a - Irradiate                      Conjuration/Transmutation    5
   b - Statue Form                    Transmutation/Earth          6
   c - Hydra Form                     Transmutation                6
   d - Dragon Form                    Transmutation                7
   Trog disapproves of the use of such an item.
Comestibles
 c - 4 bread rations
 t - a beef jerky


   Skills:
 - Level 4.0 Fighting
 + Level 4.4 Long Blades
 + Level 3.1 Armour
 - Level 1.7 Dodging


You had 4 spell levels left.
You didn't know any spells.

Dungeon Overview and Level Annotations

Branches:
Dungeon (4/15)
 Temple: D:4-7

Altars:

Annotations:
D:2 Sigmund


Innate Abilities, Weirdness & Mutations

You are partially covered in yellow scales. (AC +2)
You are slightly more attuned to the shadows.
When hurt, damage is shared between your health and your magic reserves.


Message History

The ogre hits you with a giant club!!
* * * LOW HITPOINT WARNING * * *
Okay, then.
It was a potion of heal wounds.
You feel much better. The ogre hits you with a giant club!
* * * LOW HITPOINT WARNING * * *
Okay, then.
The ogre barely misses you.
You riposte.
You hit the ogre but do no damage.
The ogre is moderately wounded.
You feel much better. The ogre hits you with a giant club.
The ogre hits you with a giant club. The ogre hits you with a giant club!
* * * LOW HITPOINT WARNING * * *
Items here: )))) †† The ogre hits you with a giant club.
* * * LOW HITPOINT WARNING * * *
The ogre hits you with a giant club!
* * * LOW HITPOINT WARNING * * *
The ogre hits you with a giant club!
You die...

# #####[### ####.
........ ..... ###..)...#
### (..#.. ..#......#
.... ......####.#.#....#
..... #.....#.#.#....#
...# #
#...(.#.#.#....##...#.
####........O<..........
....#.#..##@#.....#..####
###.........#o#'#.#......
######..####.#.#..#
..........o)..#.##.#
#######..######.##.#+###
#<........##.....#
#####..#########....#
#......##.....)..>..#
#.##...# .#####.#.###


You could see an ogre.

Vanquished Creatures
  An ogre (D:4)
  4 adders
  2 oozes
  2 worms
  2 dart slugs
  2 leopard geckos
  5 orcs
  4 giant cockroaches
  10 goblins
  7 hobgoblins
  4 jackals
  A quokka (D:2)
  3 ball pythons
  6 bats
  4 frilled lizards
  7 kobolds
  6 rats
70 creatures vanquished.

Notes
Turn   | Place    | Note
-------+----------+-------------------------------------------
     0 | D:1      | Kloppie the Demonspawn Berserker began the quest for the Orb.
     0 | D:1      | Reached XP level 1. HP: 18/18 MP: 1/1
   297 | D:1      | Gained mutation: You are partially covered in yellow scales. (AC +2) [demonic ancestry]
   297 | D:1      | Reached XP level 2. HP: 24/24 MP: 2/2
  1177 | D:2      | Noticed Sigmund
  1177 | D:2      | Gained mutation: When hurt, damage is shared between your health and your magic reserves. [demonic ancestry]
  1177 | D:2      | Reached XP level 3. HP: 26/29 MP: 3/3
  1184 | D:2      | Reached ** piety under Trog
  1675 | D:3      | Reached XP level 4. HP: 33/37 MP: 4/4
  2347 | D:4      | Noticed an ogre
  2349 | D:4      | Noticed an ogre
  2378 | D:4      | Killed an ogre
  2378 | D:4      | Gained mutation: You are slightly more attuned to the shadows. [demonic ancestry]
  2378 | D:4      | Reached XP level 5. HP: 42/42 MP: 5/5
  2393 | D:4      | HP: 2/42 [ogre/giant club (18)]
  2409 | D:4      | Slain by an ogre

Skill      XL: |  1  2  3  4 |
---------------+-------------+-----
Long Blades    | 3 4 |  4.4
Fighting       | 4 |  4.0
Armour         | 3 |  3.1
Dodging        | |  1.7

Action                   |  1- 3 |  4- 6 || total
-------------------------+-------+-------++-------
Melee: Falchion          |   130 |   104 ||   234
Invok: Berserk           |     3 |     2 ||     5
       Trog's Hand       |       |     1 ||     1
  Use: Potion            |       |     2 ||     2
  Eat: Chunk             |     5 |     4 ||     9
Armor: Animal skin       |     1 |       ||     1
       Leather armour    |    41 |       ||    41
       Plate armour      |       |    82 ||    82
Dodge: Dodged            |    92 |    22 ||   114
       Rpst.: Falchion   |    28 |    10 ||    38
